 Dungeon Crawl Stone Soup version 0.26-a0-652-gafc20e3 (webtiles) character file.

Game seed: 11132852247278232725

39771 Illumine the Thaumaturge (level 13, -1/79 HPs)
             Began as a Deep Elf Ice Elementalist on Sept 24, 2020.
             Was an Elder of Vehumet.
             Killed from afar by an oklob plant (12 damage)
             ... with a splash of acid
             ... on level 6 of the Lair of Beasts on Oct 1, 2020.
             The game lasted 00:42:25 (20191 turns).

Illumine the Thaumaturge (DEIE)                    Turns: 20191, Time: 00:42:27

Health: -1/79      AC: -2    Str:  5    XL:     13   Next: 71%
Magic:  12/32      EV: 25    Int: 26    God:    Vehumet [****..]
Gold:   1068       SH:  5    Dex: 15    Spells: 12/38 levels left

rFire    . . .     SeeInvis +   a - +3 short sword (venom)
rCold    . . .     Faith    .   (no shield)
rNeg     . . .     Spirit   .   o - +1 robe
rPois    .         Reflect  +   d - +0 helmet
rElec    .         Harm     .   T - +0 cloak
rCorr    .         Rampage  .   x - +0 pair of gloves
MR       +....                  (no boots)
Stlth    ++........             c - amulet of reflection
HPRegen  0.23/turn              C - ring of see invisible
MPRegen  0.23/turn              H - +4 ring of evasion

@: corroded, very slightly contaminated
A: no striking features
a: Renounce Religion


You were on level 6 of the Lair of Beasts.
You worshipped Vehumet.
Vehumet was greatly pleased with you.
You visited 2 branches of the dungeon, and saw 15 of its levels.

You collected 1068 gold pieces.

Inventory:

Hand Weapons
 a - a +3 short sword of venom (weapon)
 b - a +2 hunting sling of flaming
 r - a +1 falchion of holy wrath
Missiles
 g - 533 stones (quivered)
Armour
 d - a +0 helmet (worn)
 o - a +1 robe (worn)
 x - a +0 pair of gloves (worn)
 T - a +0 cloak (worn)
Jewellery
 c - an amulet of reflection (around neck)
 k - an uncursed amulet of the acrobat
 y - an uncursed ring of poison resistance
 C - a ring of see invisible (left hand)
 D - an uncursed ring of positive energy
 F - the ring "Sygrax" {+Blink rPois rC+++ MR+ MP-9}
   (You found it on level 4 of the Lair of Beasts)

   [ring of protection from magic]

   It renders you almost immune to cold.
   It protects you from poison.
   It affects your resistance to hostile enchantments.
   It affects your magic capacity (-9).
   It lets you blink.
 H - a +4 ring of evasion (right hand)
 J - an uncursed ring of stealth
 K - an uncursed ring of ice
 Z - an uncursed ring of ice
Wands
 l - a wand of iceblast (13)
 p - a wand of digging (8)
 I - a wand of flame (23)
 Q - a wand of paralysis (8)
 X - a wand of disintegration (11)
Scrolls
 e - 3 scrolls of blinking
 f - 6 scrolls of remove curse
 j - a scroll of fog
 t - 2 scrolls of enchant armour
 u - 2 scrolls of immolation
 v - 4 scrolls of amnesia
 G - a scroll of random uselessness {unknown}
 L - 4 scrolls of teleportation
 O - a scroll of magic mapping {unknown}
 P - a scroll of acquirement {unknown}
 R - a scroll of fear
 V - a scroll of vulnerability
 W - 2 scrolls of identify
Potions
 h - 2 potions of invisibility
 i - 3 potions of mutation
 m - 7 potions of curing
 n - 2 potions of magic
 q - 7 potions of ambrosia
 s - 6 potions of heal wounds
 w - 2 potions of stabbing
 z - 3 potions of flight
 A - 3 potions of might
 B - 3 potions of cancellation
 E - a potion of brilliance {unknown}
 M - 3 potions of degeneration {unknown}
 N - a potion of lignification {unknown}
 S - 2 potions of berserk rage {unknown}
 Y - a potion of haste {unknown}
Miscellaneous
 U - a condenser vane (2/2)


   Skills:
 + Level 8.4 Fighting
 + Level 12.1 Dodging
 - Level 2.4 Stealth
 + Level 13.2 Spellcasting
 + Level 10.5 Conjurations
 + Level 9.2 Summonings
 + Level 11.8 Ice Magic
 + Level 3.2 Air Magic


You had 12 spell levels left.
You knew the following spells:

 Your Spells              Type           Power        Failure   Level
a - Fireball              Conj/Fire      #####.....   3%          5
b - Frozen Ramparts       Ice            ######       1%          3
c - Ozocubu's Armour      Ice            ######..     1%          3
d - Hailstorm             Conj/Ice       ######..     1%          4
e - Apportation           Tloc           ###...       3%          1
f - Summon Ice Beast      Ice/Summ       ######..     1%          4
g - Freezing Cloud        Conj/Ice/Air   ######....   4%          6

Your spell library contained the following spells:

 Spells                   Type           Power        Failure   Level
 Freeze                   Ice            ####         1%          1
 Shock                    Conj/Air       ####         1%          1
 Summon Small Mammal      Summ           ####         1%          1
 Static Discharge         Conj/Air       ######..     1%          3
 Poisonous Vapours        Pois/Air       ####..       2%          2
 Airstrike                Air            ####......   2%          4
 Animate Skeleton         Necr           ###...       3%          1
 Corona                   Hex            ###....      3%          1
 Sublimation of Blood     Necr           ###.......   4%          2
 Lesser Beckoning         Tloc           ###.......   10%         3
 Tukima's Dance           Hex            ###.....     10%         3
 Dispel Undead            Necr           ###.....     32%         4
 Alistair's Intoxication  Tmut/Pois      ###......    67%         5
 Invisibility             Hex            ###.....     99%         6


Dungeon Overview and Level Annotations

Branches:
Dungeon (9/15)             Temple (0/1) D:6            Lair (6/6) D:9
 Shoals (0/4) Lair:4        Snake (0/4) Lair:4        Slime (0/5) Lair:5
    Orc: D:9-12

Altars:
Cheibriados
Dithmenos
Elyvilon
Okawaru
Ru
Trog
Uskayaw
Vehumet
Xom
Yredelemnul
Zin
Jiyva

Annotations:
Lair:6 exclusion: 2 oklob plants


Message History

Press: ? - help, Dir - move target cursor You miscast Freezing Cloud.
You are very lightly contaminated with residual magic.
Energy rips through your body!
Unknown command.
Casting: Freezing Cloud (dangerous; 4% risk of failure)
Confirm with . or Enter, or press ? or * to list all spells.
Aiming: Freezing Cloud (dangerous; 4% risk of failure)
Press: ? - help, Dir - move target cursor The oklob plant is engulfed in freezing vapours.
Casting: Freezing Cloud (dangerous; 4% risk of failure)
Confirm with . or Enter, or press ? or * to list all spells.
Press: ? - help, Dir - move target cursor You miscast Freezing Cloud.
Frost covers your body! The oklob plant spits acid at you.
The splash of acid hits you! The acid corrodes you!
You are splashed with acid!
* * * LOW HITPOINT WARNING * * *
The oklob plant spits acid at you. The splash of acid hits you!
You die...

#P§§[P# #§§...# #§§((:# ###..!.$#
.#....P## #.......# #......#
#@....# #..#!## #..## ##...#
#...## ### ##..### ######
#######.## ###...#.####..#.####
#.....)#.####.#^PP.#.P...#..P..##
#†..............P................


You could see 2 oklob plants.

Vanquished Creatures
  Kirke (Lair:6)
  2 hydras (Lair:4)
  A catoblepas (Lair:6)
  A two-headed ogre (D:8)
  A deep troll shaman (Lair:6)
  4 death yaks
  Nergalle (Lair:3)
  A lindwurm (Lair:6)
  2 oklob plants (Lair:6)
  5 elephants (Lair:3)
  3 black mambas
  6 cane toads
  A rime drake (Lair:5)
  5 komodo dragons
  A queen bee (Lair:6)
  A troll (D:9)
  A meliai (Lair:6)
  3 polar bears (Lair:6)
  5 dream sheep (Lair:6)
  7 blink frogs
  5 hippogriffs
  Sigmund (D:2)
  12 yaks
  4 hogs (Lair:6)
  2 basilisks (Lair:6)
  4 water moccasins
  7 porcupines
  An orc warrior (D:8)
  4 black bears
  2 sky beasts (D:9)
  10 crocodiles
  6 ogres
  2 centaurs
  3 wolves (Lair:6)
  7 bullfrogs
  4 scorpions
  17 killer bees
  2 howler monkeys (D:8)
  10 hounds
  3 jellies
  8 orc wizards
  An iguana (D:6)
  4 orc priests
  A bullfrog skeleton (D:4)
  4 centaur skeletons
  Terence (D:2)
  6 worker ants
  A hound skeleton (D:4)
  A worker ant zombie (D:6)
  10 adders
  A shadow imp (D:5)
  3 oozes
  An adder zombie (D:8)
  An adder skeleton (D:5)
  2 worms
  3 dart slugs
  2 leopard geckos
  49 orcs
  3 ball pythons
  5 bats
  7 giant cockroaches
  3 hobgoblins
  4 jackals
  2 quokkas
  A ball python skeleton (D:4)
  A giant cockroach zombie (D:5)
  6 goblins
  A jackal skeleton (D:4)
  A jackal zombie (D:8)
  6 kobolds
  2 leopard gecko skeletons
  2 quokka skeletons
  6 rats
  2 bushes (Lair:6)
309 creatures vanquished.

Vanquished Creatures (collateral kills)
  2 hydras (Lair:1)
  A catoblepas (Lair:4)
  8 death yaks
  7 elephants
  2 black mambas
  A torpor snail (Lair:5)
  6 cane toads
  A komodo dragon (Lair:4)
  2 meliai (Lair:6)
  2 polar bears
  4 blink frogs (Lair:5)
  5 dream sheep (Lair:6)
  4 hippogriffs
  17 yaks
  3 basilisks
  3 hogs (Lair:6)
  2 water moccasins
  A wolf (Lair:6)
  A wyvern zombie (D:9)
  8 killer bees (Lair:6)
  2 electric eels (Lair:1)
  A bullfrog zombie (D:9)
  A centaur zombie (D:9)
  A shadow imp (D:9)
  A jackal skeleton (D:9)
  A butterfly (Lair:6)
87 creatures vanquished.

Vanquished Creatures (others)
  A bush (Lair:6)
  34 fungi
  95 plants
130 creatures vanquished.

Grand Total: 526 creatures vanquished

Notes
Turn   | Place    | Note
-------+----------+-------------------------------------------
     0 | D:1      | Illumine the Deep Elf Ice Elementalist began the quest for
                  | the Orb.
     0 | D:1      | Reached XP level 1. HP: 10/10 MP: 6/6
   223 | D:1      | Reached XP level 2. HP: 15/15 MP: 6/8
   501 | D:1      | Upgraded the game from 0.26-a0-646-g5d77183 to
                  | 0.26-a0-648-g87339cc
   789 | D:2      | Noticed a bullfrog
   802 | D:2      | Killed a bullfrog
   802 | D:2      | Reached skill level 1 in Fighting
   802 | D:2      | Reached skill level 4 in Spellcasting
   802 | D:2      | Reached skill level 5 in Ice Magic
   802 | D:2      | Reached XP level 3. HP: 13/20 MP: 4/10
   802 | D:2      | Reached XP level 4. HP: 17/25 MP: 4/12
   906 | D:2      | Learned a level 3 spell: Frozen Ramparts
   963 | D:2      | Found a glowing silver altar of Zin.
   963 | D:2      | Found a hide-covered altar of Uskayaw.
  1124 | D:2      | Noticed Sigmund
  1161 | D:2      | Killed Sigmund
  1161 | D:2      | Reached skill level 5 in Spellcasting
  1161 | D:2      | Reached XP level 5. HP: 11/30 MP: 3/14
  1161 | D:2      | Reached XP level 6. HP: 13/35 MP: 3/15
  1523 | D:2      | Noticed Terence
  1546 | D:2      | Killed Terence
  2163 | D:3      | Upgraded the game from 0.26-a0-648-g87339cc to
                  | 0.26-a0-649-gf8c6c3a
  2389 | D:3      | Found an iron altar of Okawaru.
  2690 | D:3      | Learned a level 3 spell: Ozocubu's Armour
  2695 | D:3      | Learned a level 4 spell: Hailstorm
  2759 | D:3      | Found a shimmering altar of Xom.
  2900 | D:3      | Reached skill level 5 in Dodging
  3062 | D:4      | Reached skill level 1 in Conjurations
  3065 | D:4      | Reached XP level 7. HP: 40/40 MP: 14/17
  3124 | D:3      | Upgraded the game from 0.26-a0-649-gf8c6c3a to
                  | 0.26-a0-651-gb411850
  3327 | D:4      | Reached skill level 6 in Spellcasting
  3476 | D:4      | Found a radiant altar of Vehumet.
  3489 | D:4      | Became a worshipper of Vehumet
  4133 | D:4      | Found a white marble altar of Elyvilon.
  4134 | D:4      | Found a basalt altar of Yredelemnul.
  4135 | D:4      | Found a bloodstained altar of Trog.
  4135 | D:4      | Found a shadowy altar of Dithmenos.
  4135 | D:4      | Found a sacrificial altar of Ru.
  4138 | D:4      | Found a snail-covered altar of Cheibriados.
  4183 | D:5      | Entered Level 5 of the Dungeon
  4399 | D:5      | Reached XP level 8. HP: 46/46 MP: 15/19
  4448 | D:5      | Learned a level 1 spell: Apportation
  4879 | D:6      | Reached * piety under Vehumet
  4879 | D:6      | Offered knowledge of Magic Dart by Vehumet.
  4884 | D:6      | Reached skill level 7 in Spellcasting
  4905 | D:6      | Found a staircase to the Ecumenical Temple.
  5557 | D:7      | You fall into a shaft and drop 1 floor!
  5576 | D:8      | Noticed a two-headed ogre
  5592 | D:8      | Killed a two-headed ogre
  5592 | D:8      | Reached skill level 8 in Spellcasting
  5592 | D:8      | Reached XP level 9. HP: 10/52 MP: 21/23
  5594 | D:8      | Reached skill level 5 in Conjurations
  5707 | D:8      | Upgraded the game from 0.26-a0-651-gb411850 to
                  | 0.26-a0-652-gafc20e3
  5850 | D:8      | Learned a level 4 spell: Summon Ice Beast
  6181 | D:8      | Reached skill level 1 in Summonings
  7179 | D:9      | Reached ** piety under Vehumet
  7185 | D:9      | Offered knowledge of Shock by Vehumet.
  7478 | D:9      | Reached skill level 5 in Fighting
  7533 | D:9      | Reached skill level 9 in Spellcasting
  7668 | D:9      | Reached XP level 10. HP: 57/59 MP: 15/25
  8026 | D:9      | Found a staircase to the Lair.
  8898 | Lair:1   | Entered Level 1 of the Lair of Beasts
  8942 | Lair:1   | Noticed a cane toad
  8967 | Lair:1   | Killed a cane toad
  8969 | Lair:1   | Noticed a cane toad
  8974 | Lair:1   | Killed a cane toad
  9074 | Lair:1   | Noticed a four-headed hydra
  9087 | Lair:1   | Killed a four-headed hydra
  9087 | Lair:1   | Offered knowledge of Dazzling Flash by Vehumet.
  9256 | Lair:1   | Noticed a cane toad
  9682 | Lair:1   | Noticed a seven-headed hydra
  9689 | Lair:1   | Killed a seven-headed hydra
 10079 | Lair:1   | Killed a cane toad
 10079 | Lair:1   | Reached skill level 10 in Spellcasting
 10735 | Lair:2   | Noticed a cane toad
 10743 | Lair:2   | Killed a cane toad
 10830 | Lair:2   | Reached XP level 11. HP: 63/64 MP: 24/27
 10905 | Lair:2   | Reached skill level 5 in Summonings
 11438 | Lair:3   | Noticed Nergalle
 11779 | Lair:3   | Noticed a spectral orc warlord
 11786 | Lair:3   | Killed Nergalle
 11915 | Lair:3   | Reached *** piety under Vehumet
 12195 | Lair:3   | Reached skill level 10 in Dodging
 12195 | Lair:3   | Reached skill level 10 in Ice Magic
 12197 | Lair:3   | Reached skill level 11 in Spellcasting
 12427 | Lair:3   | Offered knowledge of Ignite Poison by Vehumet.
 12881 | Lair:4   | Noticed a death yak
 12972 | Lair:4   | Killed a death yak
 13075 | Lair:4   | Noticed a catoblepas
 13093 | Lair:4   | Killed a catoblepas
 13093 | Lair:4   | Reached XP level 12. HP: 62/71 MP: 15/29
 13221 | Lair:4   | Identified the ring "Sygrax" {+Blink rPois rC+++ MR+ MP-9}
                  | (You found it on level 4 of the Lair of Beasts)
 13376 | Lair:4   | Found a staircase to the Snake Pit.
 13384 | Lair:4   | Noticed a seven-headed hydra
 13395 | Lair:4   | Killed a seven-headed hydra
 13471 | Lair:4   | Noticed a six-headed hydra
 13477 | Lair:4   | Killed a six-headed hydra
 13561 | Lair:4   | Found a staircase to the Shoals.
 14372 | Lair:5   | Found a staircase to the Slime Pits.
 14372 | Lair:5   | Found a viscous altar of Jiyva.
 14627 | Lair:5   | Noticed a death yak
 14627 | Lair:5   | Noticed a death yak
 14628 | Lair:5   | Noticed a death yak
 14638 | Lair:5   | Killed a death yak
 14639 | Lair:5   | Noticed a death yak
 14641 | Lair:5   | Killed a death yak
 14646 | Lair:5   | Killed a death yak
 14653 | Lair:5   | Noticed a death yak
 14657 | Lair:5   | Killed a death yak
 14660 | Lair:5   | Reached skill level 12 in Spellcasting
 14667 | Lair:5   | Killed a death yak
 14826 | Lair:5   | Reached **** piety under Vehumet
 15746 | Lair:6   | Entered Level 6 of the Lair of Beasts
 15755 | Lair:6   | Offered knowledge of Fireball by Vehumet.
 15844 | Lair:5   | Learned a level 5 spell: Fireball
 16298 | Lair:6   | Reached ***** piety under Vehumet
 16367 | Lair:6   | Offered knowledge of Freezing Cloud by Vehumet.
 16367 | Lair:6   | Reached XP level 13. HP: 24/78 MP: 25/31
 16377 | Lair:6   | Learned a level 6 spell: Freezing Cloud
 16816 | Lair:6   | Noticed Kirke
 16836 | Lair:6   | Killed Kirke
 16836 | Lair:6   | Reached skill level 1 in Air Magic
 16837 | Lair:6   | Reached skill level 10 in Conjurations
 18167 | Lair:6   | Reached skill level 13 in Spellcasting
 18687 | Lair:6   | Identified the Collected Works on Evil Air
 20191 | Lair:6   | Killed from afar by an oklob plant

Illustrated notes

Levels and vault maps discovered:
D:1:      ncdulo_halloftheorcs, layout_rooms
D:2:      layout_basic, amethyst_overflow_temple_binary, grunt_ministairs_7,
          small_statue_intersection, uniq_sigmund, uniq_terence
D:3:      layout_rooms, lemuel_crystal_altar, okawaru_gym_becter
D:4:      layout_loops_ring, vehumet_altar_wand_db, minitemple
D:5:      layout_rooms, columned_hall_lemuel, minmay_misc_feat_rugged
D:6:      layout_rooms, minmay_temple_entry_tees
D:7:      layout_loops_corners, marbit_many_paths, minmay_shattered_shrine
D:8:      layout_layer_cave
D:9:      minmay_the_grid_octo_tiled_squarecenter [minmay_the_grid_octo_toaster,
          minmay_the_grid_octo_teeth, minmay_the_grid_octo_odd_swirl,
          minmay_the_grid_octo_clover_2,
          minmay_the_grid_square_5x5_megaprize_hollow,
          minmay_the_grid_square_5x5_two_small,
          minmay_the_grid_square_5x5_n_small, minmay_the_grid_square_5x5_seven,
          minmay_the_grid_square_5x5_six], layout_stronghold,
          david_lair_shrubbed
Lair:1:   layout_regular_city, serial_bayou_shore_a, infiniplex_staircase_pool_2
Lair:2:   layout_long_grid, infiniplex_staircase_pool
Lair:3:   layout_loops_ring, uniq_nergalle
Lair:4:   layout_gridlike, elwin_shoals_entry_rocks, nicolae_lair_yak_garden,
          lemuel_fruit_fields
Lair:5:   layout_cave_pods, slime_altar_1, chequers_serial_rivers_small_a,
          beast_lair_carwin_6
Lair:6:   grunt_lair_end_beastmaster, layout_long_grid, special_room
          [special_room_bee], lemuel_fruit_fields, minmay_lair_oklob_chamber,
          uniq_kirke

Skill      XL: |  1  2  3  4  5  6  7  8  9 10 11 12 13 |
---------------+----------------------------------------+-----
Dodging        | 3 4 5 7 8 9 10 11 12 | 12.1
Fighting       | 1 2 3 4 5 6 7 8 |  8.4
Spellcasting   | 4 5 6 8 9 10 11 12 13 | 13.2
Ice Magic      | 5 6 7 8 9 10 11 | 11.8
Conjurations   | 1 2 4 5 7 8 9 10 | 10.5
Summonings     | 2 4 6 8 9 |  9.2
Air Magic      | 3 |  3.2
Stealth        | |  2.4

Action                   |  1- 3 |  4- 6 |  7- 9 | 10-12 | 13-15 || total
-------------------------+-------+-------+-------+-------+-------++-------
Melee: Short sword       |     1 |    37 |   229 |   211 |    54 ||   532
 Fire: Hunting sling     |       |    15 |       |       |       ||    15
Throw: Stone             |     2 |     2 |       |       |       ||     4
 Cast: Freeze            |    29 |    10 |       |       |       ||    39
       Frozen Ramparts   |       |    13 |    35 |    70 |    20 ||   138
       Ozocubu's Armour  |       |       |     1 |     1 |     1 ||     3
       Summon Ice Beast  |       |       |     8 |    88 |    33 ||   129
       Hailstorm         |       |       |       |     6 |    15 ||    21
       Freezing Cloud    |       |       |       |       |    32 ||    32
       Fireball          |       |       |       |       |     1 ||     1
  Use: Scroll            |       |       |       |    22 |     1 ||    23
       Potion            |       |       |       |     2 |       ||     2
 Stab: Sleeping          |       |     4 |     5 |     5 |       ||    14
       Distracted        |       |       |       |     2 |       ||     2
Armor: Robe              |     1 |     5 |    31 |    34 |     7 ||    78
Dodge: Dodged            |    11 |    38 |   280 |   346 |   105 ||   780
Block: Other             |       |       |       |       |    13 ||    13

Table legend: (Time is in decaauts)
 A = Elapsed time spent in this place.
 B = Non-inter-level travel time spent in this place.
 C = Inter-level travel time spent in this place.
 D = Time resting spent in this place.
 E = Time spent auto-exploring this place.
 F = Levels seen in this place.
 G = Mean time per level.
                   A        B        C        D        E       F      G
               +--------+--------+--------+--------+--------+-----+--------+
         Total |  20281 |  19805 |    476 |   6513 |   9901 |  15 | 1352.1 |
       Dungeon |   8921 |   8659 |    262 |   1791 |   5153 |   9 |  991.2 |
          Lair |  11359 |  11145 |    214 |   4722 |   4747 |   6 | 1893.2 |
               +--------+--------+--------+--------+--------+-----+--------+

Top non-repeatable levels by time:
  Lair:6: 4316 daAuts
     D:9: 1809 daAuts
  Lair:5: 1696 daAuts
     D:8: 1532 daAuts
  Lair:2: 1434 daAuts
  Lair:1: 1402 daAuts
  Lair:4: 1357 daAuts
     D:2: 1345 daAuts
  Lair:3: 1152 daAuts
     D:4: 1127 daAuts
     D:3: 935 daAuts
     D:1: 777 daAuts
     D:6: 750 daAuts
     D:5: 562 daAuts
     D:7: 80 daAuts
